Map: Prion Terraces

Players

Tanus

  • Race: Zerg Zerg
  • League: Silver

Grumm - Winner!

  • Race: Protoss Protoss
  • League: Gold

VOD

Have the link to the VOD?

Description

Time

  • Played on: Feb. 17, 2016, 2:36 p.m.
  • Length: 19:55
Show
View Real Time Build Order
Export as new Build Order

Tanus Zerg 

Build Orders: Hatch First 

Get SALT Encoding   

  12  0:09  Overlord  
  12  0:14  Drone  
  13  0:18  Drone  
  14  0:28  Drone  
  15  0:32  Drone  
  16  0:51  Hatchery  
  15  1:06  Spawning Pool  
  14  1:11  Drone  
  14  1:13  Drone  
  14  1:16  Drone  
  17  1:26  Drone, Extractor  
  17  1:35  Drone  
  18  1:44  Drone  
  19  1:54  Queen  
  21  2:03  Queen  
  21  2:05  Drone x2  
  25  2:09  Extractor  
  24  2:17  Drone x2  
  24  2:18  Drone  
  27  2:28  Spine Crawler, Zergling x4  
  28  2:33  Metabolic Boost  
  28  2:44  Overlord  
  28  2:48  Overlord  
  28  2:55  Spore Crawler  
  27  2:59  Lair  
  27  3:02  Drone  
  27  3:05  Drone  
  29  3:08  Drone  
  29  3:10  Drone  
  31  3:14  Zergling x2  
  31  3:18  Zergling x2  
  33  3:22  Zergling x2  
  33  3:23  Zergling x2  
  35  3:34  Drone x3, Evolution Chamber  
  36  3:37  Drone  
  38  3:43  Zergling x4  
  39  3:54  Spore Crawler  
  38  4:00  Zergling x2  
  38  4:01  Zergling x10  
  43  4:06  Zerg Melee Weapons Level 1  
  43  4:16  Drone  
  44  4:23  Drone  
  44  4:27  Overlord x4  
  39  4:47  Zergling x8  
  40  5:16  Zergling x2  
  40  5:17  Zergling x6  
  43  5:24  Hatchery  
  43  5:28  Drone x3, Evolution Chamber  
  40  5:29  Drone x2, Infestation Pit  
  43  5:41  Zergling x2  
  43  5:42  Zergling x10  
  49  6:00  Zerg Ground Armor Level 1  
  48  6:08  Zergling x2  
  48  6:09  Zergling x16  
  44  6:19  Drone x2  
  44  6:23  Drone  
  47  6:26  Zerg Melee Weapons Level 2  
  43  6:51  Zergling x10  
  44  7:01  Zergling x2  
  44  7:08  Zergling x4  
  39  7:11  Zergling x2  
  39  7:12  Zergling x4  
  39  7:17  Zergling x2  
  39  7:18  Zergling x2  
  39  7:24  Zergling x4  
  36  7:45  Zergling x2  
  36  7:46  Zergling x18  
  46  7:51  Hydralisk Den, Hive  
  46  7:55  Zerg Missile Weapons Level 1  
  42  7:59  Zergling x6  
  42  8:00  Queen x2  
  43  8:32  Drone  
  43  8:33  Drone x8  
  38  8:39  Queen x2  
  35  8:42  Zerg Ground Armor Level 2  
  31  8:53  Zergling x2  
  31  8:54  Zergling x4  
  32  9:10  Zergling x12  
  38  9:20  Zergling x6  
  30  9:44  Hydralisk  
  30  9:45  Hydralisk x7  
  39  9:55  Queen  
  29  10:24  Drone  
  29  10:25  Drone x5  
  35  10:56  Hatchery  
  34  11:04  Zergling x6  
  34  11:18  Queen  
  29  11:38  Hydralisk x3  
  35  11:53  Queen  
  35  11:59  Spore Crawler  
  36  12:05  Drone x2  
  38  12:13  Drone  
  39  12:16  Drone  
  39  12:17  Drone  
  39  12:21  Zergling x4  
  43  12:41  Hydralisk  
  43  12:43  Zergling x2  
  47  12:44  Zergling x4  
  47  13:04  Drone x4  
  51  13:07  Drone  
  51  13:47  Spore Crawler, Hydralisk  
  51  13:48  Hydralisk  
  54  13:49  Zergling x2  
  54  13:50  Zergling x12  
  61  14:25  Hatchery  
  61  14:30  Zergling x2  
  64  14:31  Zergling x10  
  61  14:46  Adrenal Glands  
  48  15:27  Zergling x12  
  48  15:38  Drone  
  48  15:39  Drone  
  50  15:51  Hydralisk x3  
  50  15:52  Hydralisk  
  58  15:58  Hydralisk  
  58  16:01  Zergling x4  
  62  16:09  Spine Crawler  
  61  16:11  Drone  
  61  16:14  Drone  
  61  16:17  Drone  
  64  16:20  Zergling x2  
  64  16:23  Zergling x2  
  66  16:29  Zergling x2  
  66  16:30  Zergling x2  
  66  16:32  Drone  
  69  16:36  Drone  
  69  16:39  Extractor  
  69  16:48  Drone x2  
  42  17:36  Zergling x2  
  42  17:37  Zergling x22  
  25  18:07  Zergling x2  
  25  18:08  Zergling x6  
  28  18:26  Zergling x2  
  28  18:27  Drone x3  
  30  18:41  Drone x2  
  27  18:51  Zergling x4  
  27  18:53  Queen  
  27  18:55  Queen  
  33  18:58  Drone  
  33  19:01  Drone  
  35  19:26  Hatchery  
Show
View Real Time Build Order
Export as new Build Order

Grumm Protoss - Winner!

Build Orders: 1 Gate Expand 

Get SALT Encoding   

  12  0:01  Probe (Chrono Boost)  
  13  0:11  Probe (Chrono Boost)  
  14  0:18  Pylon  
  14  0:22  Probe (Chrono Boost)  
  15  0:37  Probe (Chrono Boost)  
  15  0:39  Gateway  
  16  0:47  Probe (Chrono Boost)  
  16  0:49  Assimilator  
  17  1:14  Nexus  
  17  1:19  Probe (Chrono Boost)  
  18  1:31  Cybernetics Core  
  18  1:38  Assimilator, Probe (Chrono Boost)  
  19  1:51  Pylon  
  19  1:52  Probe (Chrono Boost)  
  20  2:02  Gateway  
  20  2:15  Gateway  
  20  2:16  Warp Gate (Chrono Boost)  
  20  2:21  Probe (Chrono Boost)  
  21  2:35  Pylon  
  21  2:38  Probe (Chrono Boost)  
  22  2:46  Adept  
  22  2:50  Probe  
  25  2:52  Mothership Core  
  27  3:02  Probe  
  27  3:04  Stalker  
  30  3:10  Adept  
  30  3:12  Probe  
  32  3:19  Probe  
  34  3:28  Adept  
  36  3:35  Stargate  
  36  3:39  Robotics Facility  
  34  3:57  Pylon  
  34  4:11  Probe  
  34  4:13  Probe  
  34  4:15  Pylon  
  36  4:24  Gateway  
  32  4:25  Pylon  
  32  4:29  Adept  
  32  4:31  Adept x2  
  35  4:47  Oracle  
  35  4:49  Immortal  
  42  4:52  Forge  
  42  4:58  Pylon  
  42  4:59  Probe  
  43  5:01  Assimilator  
  43  5:04  Assimilator  
  43  5:11  Zealot  
  43  5:12  Zealot  
  43  5:13  Adept  
  43  5:32  Adept x2  
  43  5:33  Adept x2  
  51  5:42  Void Ray  
  55  5:44  Warp Prism  
  55  5:46  Probe  
  53  6:21  Zealot  
  53  6:22  Zealot x3  
  56  6:38  Probe  
  56  6:39  Probe  
  39  6:51  Probe  
  39  6:54  Adept  
  39  6:55  Adept  
  39  6:56  Adept  
  37  7:25  Adept x2  
  37  7:26  Adept x2  
  37  7:27  Void Ray  
  41  7:51  Photon Cannon  
  41  7:53  Probe  
  41  7:55  Probe  
  43  8:04  Adept  
  43  8:05  Adept  
  47  8:07  Zealot x2  
  48  8:36  Zealot x3  
  48  8:38  Zealot  
  54  8:49  Probe  
  54  8:50  Probe  
  50  9:09  Adept  
  52  9:11  Zealot x2  
  48  9:48  Adept x3  
  48  9:50  Probe, Zealot  
  48  9:51  Probe  
  58  9:56  Gateway  
  58  9:59  Gateway  
  58  10:00  Probe  
  58  10:03  Pylon, Probe  
  60  10:11  Probe  
  53  10:15  Probe  
  42  10:32  Stalker x3  
  42  10:33  Stalker  
  40  10:48  Probe  
  38  10:50  Probe  
  38  10:55  Stalker  
  38  10:56  Adept  
  44  10:57  Zealot  
  44  10:58  Zealot  
  48  11:11  Probe  
  37  11:31  Probe  
  38  11:37  Stalker x3  
  44  11:56  Zealot x3  
  44  11:57  Protoss Ground Weapons Level 1  
  44  11:58  Probe  
  51  12:11  Nexus  
  51  12:15  Pylon  
  51  12:22  Pylon  
  51  12:40  Zealot  
  51  12:41  Adept  
  51  12:43  Adept  
  53  12:59  Probe x2  
  53  13:04  Nexus  
  55  13:08  Stalker  
  55  13:09  Stalker x2  
  55  13:10  Gateway  
  59  13:38  Robotics Bay  
  59  13:58  Photon Cannon  
  59  14:00  Pylon  
  59  14:03  Probe x2  
  59  14:05  Probe  
  59  14:07  Stalker  
  64  14:16  Protoss Ground Armor Level 1  
  64  14:17  Probe  
  64  14:19  Immortal  
  69  14:40  Probe  
  70  14:46  Pylon  
  70  14:51  Pylon, Probe  
  70  14:52  Probe x3  
  74  15:01  Probe  
  74  15:03  Stalker  
  74  15:06  Photon Cannon  
  77  15:15  Gateway  
  77  15:18  Gateway  
  75  15:23  Photon Cannon  
  75  16:10  Nexus  
  75  16:12  Colossus  
  75  16:15  Extended Thermal Lance  
  75  16:16  Void Ray  
  85  16:27  Photon Cannon  
  85  16:30  Probe, Photon Cannon  
  85  16:32  Probe  
  87  16:37  Assimilator  
  87  16:58  Zealot x3  
  87  17:00  Adept x2  
  85  17:39  Zealot x2  
  85  17:40  Adept, Zealot  
  85  17:41  Adept x2  
  85  17:42  Adept x2  
  99  17:47  Colossus  
  79  18:09  Void Ray  
  81  18:20  Assimilator, Probe x2  
  81  18:21  Probe  
  81  18:22  Assimilator  
  81  18:25  Probe  
  85  18:31  Stalker  
  87  18:37  Zealot x2  
  91  18:43  Twilight Council  
  91  18:46  Pylon  
  91  18:50  Zealot  
  91  18:51  Stalker x2  
  97  19:00  Warp Prism  
  99  19:08  Adept  
  99  19:09  Adept  
  103  19:11  Zealot  
Tags
 
Add a new tag
Caveats
  • Supply blocks, unpowered buildings, or Contaminate may cause inaccurate times.
  • Supply counts are checked every 10 seconds.